ACL
ACL CHICAGO (N) CUBS @ ACL KANSAS CITY ROYALS
06/04/2042
 
TOP OF THE 1ST
ACL Chicago (N) Cubs batting - Pitching for ACL Kansas City Royals : RHP Tomás García
Pitching: RHP Tomás García
Batting: LHB Chris MacGruder 0-0: Ball
1-0: Called Strike
1-1: Foul Ball, location: 2F
1-2: Foul Ball, location: 2F
1-2: Ball
2-2: Foul Ball, location: 2F
2-2: Ball
3-2: Base on Balls
Batting: RHB Dave Jones 0-0: Swinging Strike
0-1: Sac Bunt to 13S - play at first, batter OUT! 1-3
Chris MacGruder to second
Batting: LHB Isaac Petherbridge 0-0: Ball
1-0: Ball
Chris MacGruder steals 3rd base
2-0: Swinging Strike
2-1: Foul Ball, location: 7LDF
2-2: Foul Ball, location: 2F
2-2: Ball
3-2: Foul Ball, location: 3FF
3-2: Foul Ball, location: 2F
3-2: Ground out 5-3 (Groundball, 56, EV 88.8 MPH)
Chris MacGruder scores
Batting: RHB José Valdés 0-0: Called Strike
0-1: Ball
1-1: SINGLE (Line Drive, 89M, EV 106.9 MPH)
Batting: RHB Gil Parker 0-0: Ball
1-0: Foul Ball, location: 9LDF
1-1: Swinging Strike
1-2: Foul Ball, location: 23FF
1-2: Foul Ball, location: 2F
1-2: Strikes out swinging
Top of the 1st over - 1 run, 1 hit, 0 errors, 1 left on base; ACL Chicago (N) 1 - ACL Kansas City 0
BOTTOM OF THE 1ST
ACL Kansas City Royals batting - Pitching for ACL Chicago (N) Cubs : LHP Dan Hanna
Pitching: LHP Dan Hanna
Batting: RHB Tacito Lombardo 0-0: Fly out, F3 (Popup, 3, EV 75.6 MPH)
Batting: RHB Mike Pruitt 0-0: Ball
1-0: Ball
2-0: Called Strike
2-1: Swinging Strike
2-2: Strikes out swinging
Batting: RHB Dave Hewitt 0-0: Ball
1-0: Foul Ball, location: 9LSF
1-1: Ground out U3 (Groundball, 34S, EV 87.5 MPH)
Bottom of the 1st over - 0 runs, 0 hits, 0 errors, 0 left on base; ACL Chicago (N) 1 - ACL Kansas City 0
TOP OF THE 2ND
ACL Chicago (N) Cubs batting - Pitching for ACL Kansas City Royals : RHP Tomás García
Batting: RHB Alfredo Durán 0-0: Ball
1-0: Foul Ball, location: 2F
1-1: Ball
2-1: Ball
3-1: Fly out, F7 (Flyball, 78S, EV 91.9 MPH)
Batting: RHB Rob Bland 0-0: Fly out, F7 (Flyball, 7LD, EV 96.9 MPH)
Batting: LHB Jorge Serrano 0-0: Called Strike
0-1: Ball
1-1: Called Strike
1-2: Foul Ball, location: 9LMF
1-2: Strikes out looking
Top of the 2nd over - 0 runs, 0 hits, 0 errors, 0 left on base; ACL Chicago (N) 1 - ACL Kansas City 0
BOTTOM OF THE 2ND
ACL Kansas City Royals batting - Pitching for ACL Chicago (N) Cubs : LHP Dan Hanna
Batting: LHB Cal Miner 0-0: Called Strike
0-1: Ball
1-1: Bunt for hit to 3S - play at first, batter safe!
Batting: RHB Jermaine Sullivan 0-0: Ball
1-0: Bunted foul
1-1: Ball
2-1: Bunted foul
2-2: Foul Ball, location: 5SF
2-2: SINGLE (Groundball, 34D, EV 101.3 MPH)
Cal Miner to second
Runner from 2nd tries for 3rd, SAFE, throw by RF made to third
Batting: LHB Abdul-Jalil bin Hilel 0-0: Called Strike
0-1: SINGLE (Groundball, 34D, EV 98.8 MPH)
Cal Miner scores
Jermaine Sullivan to second
Runner from 2nd tries for 3rd, SAFE, throw by RF made to third
Batting: RHB Rob Shelton 0-0: Ball
1-0: Swinging Strike
1-1: Ball
2-1: Ball
3-1: Foul Ball, location: 7LSF
3-2: Foul Ball, location: 2F
3-2: Foul Ball, location: 3F
3-2: Foul Ball, location: 2F
3-2: Strikes out swinging
Batting: RHB Jon Ramey 0-0: Ball
1-0: Called Strike
1-1: Ball
Abdul-Jalil bin Hilel is caught stealing 2nd base 2-4
2-1: Called Strike
2-2: Strikes out swinging
Bottom of the 2nd over - 1 run, 3 hits, 0 errors, 1 left on base; ACL Chicago (N) 1 - ACL Kansas City 1
TOP OF THE 3RD
ACL Chicago (N) Cubs batting - Pitching for ACL Kansas City Royals : RHP Tomás García
Batting: RHB Arturo Flores 0-0: Swinging Strike
0-1: Swinging Strike
0-2: Strikes out swinging
Batting: LHB Chris MacGruder 0-0: Foul Ball, location: 3SF
0-1: Hit by Pitch
Batting: RHB Dave Jones 0-0: Called Strike
0-1: Called Strike
0-2: Ball
1-2: Foul Ball, location: 5DF
1-2: Strikes out swinging
Batting: LHB Isaac Petherbridge 0-0: Ball
1-0: Ball
2-0: Ball
3-0: Called Strike
3-1: Called Strike
3-2: Strikes out swinging
Top of the 3rd over - 0 runs, 0 hits, 0 errors, 1 left on base; ACL Chicago (N) 1 - ACL Kansas City 1
BOTTOM OF THE 3RD
ACL Kansas City Royals batting - Pitching for ACL Chicago (N) Cubs : LHP Dan Hanna
Batting: LHB Sammy Cervantes 0-0: Called Strike
0-1: Swinging Strike
0-2: Strikes out swinging
Batting: RHB Tacito Lombardo 0-0: Swinging Strike
0-1: Swinging Strike
0-2: Strikes out swinging
Batting: RHB Mike Pruitt 0-0: Fly out, F3 (Popup, 34, EV 65.6 MPH)
Bottom of the 3rd over - 0 runs, 0 hits, 0 errors, 0 left on base; ACL Chicago (N) 1 - ACL Kansas City 1
TOP OF THE 4TH
ACL Chicago (N) Cubs batting - Pitching for ACL Kansas City Royals : RHP Tomás García
Batting: RHB José Valdés 0-0: Ball
1-0: Called Strike
1-1: Swinging Strike
1-2: Foul Ball, location: 2F
1-2: Ball
2-2: Fly out, F9 (Flyball, 9LM, EV 93.1 MPH)
Batting: RHB Gil Parker 0-0: Swinging Strike
0-1: Foul Ball, location: 2F
0-2: Strikes out looking
Batting: RHB Alfredo Durán 0-0: Ground out 6-3 (Groundball, 6, EV 85.0 MPH)
Top of the 4th over - 0 runs, 0 hits, 0 errors, 0 left on base; ACL Chicago (N) 1 - ACL Kansas City 1
BOTTOM OF THE 4TH
ACL Kansas City Royals batting - Pitching for ACL Chicago (N) Cubs : LHP Dan Hanna
Batting: RHB Dave Hewitt 0-0: Ball
1-0: Foul Ball, location: 7LSFF
1-1: Ball
2-1: Foul Ball, location: 23F
2-2: Ball
3-2: Ground out 4-3 (Groundball, 4, EV 100.0 MPH)
Batting: LHB Cal Miner 0-0: Ball
1-0: Called Strike
1-1: Ball
2-1: Ball
3-1: Foul Ball, location: 2F
3-2: Strikes out swinging
Batting: RHB Jermaine Sullivan 0-0: Swinging Strike
0-1: Called Strike
0-2: Ball
1-2: Strikes out swinging
Bottom of the 4th over - 0 runs, 0 hits, 0 errors, 0 left on base; ACL Chicago (N) 1 - ACL Kansas City 1
TOP OF THE 5TH
ACL Chicago (N) Cubs batting - Pitching for ACL Kansas City Royals : RHP Tomás García
Batting: RHB Rob Bland 0-0: Called Strike
0-1: Ball
1-1: Ball
2-1: Ball
3-1: Foul Ball, location: 7LMF
3-2: Foul Ball, location: 7LMF
3-2: Strikes out swinging
Batting: LHB Jorge Serrano 0-0: Swinging Strike
0-1: Ball
1-1: Ball
2-1: Ball
3-1: Called Strike
3-2: Strikes out swinging
Batting: RHB Arturo Flores 0-0: Foul Ball, location: 7LMFF
0-1: Ball
1-1: Called Strike
1-2: Strikes out looking
Top of the 5th over - 0 runs, 0 hits, 0 errors, 0 left on base; ACL Chicago (N) 1 - ACL Kansas City 1
BOTTOM OF THE 5TH
ACL Kansas City Royals batting - Pitching for ACL Chicago (N) Cubs : LHP Dan Hanna
Batting: LHB Abdul-Jalil bin Hilel 0-0: Foul Ball, location: 5FF
0-1: Ball
1-1: Swinging Strike
1-2: Fly out, F4 (Popup, 4M, EV 75.0 MPH)
Batting: RHB Rob Shelton 0-0: Ball
1-0: Ball
2-0: Foul Ball, location: 2F
2-1: Foul Ball, location: 2F
2-2: Foul Ball, location: 9LDF
2-2: Strikes out swinging
Batting: RHB Jon Ramey 0-0: Called Strike
0-1: Called Strike
0-2: Strikes out swinging
Bottom of the 5th over - 0 runs, 0 hits, 0 errors, 0 left on base; ACL Chicago (N) 1 - ACL Kansas City 1
TOP OF THE 6TH
ACL Chicago (N) Cubs batting - Pitching for ACL Kansas City Royals : RHP Tomás García
Batting: LHB Chris MacGruder 0-0: Called Strike
0-1: Fly out, F8 (Flyball, 89M, EV 93.1 MPH)
Batting: RHB Dave Jones 0-0: Swinging Strike
0-1: Swinging Strike
0-2: Foul Ball, location: 3F
0-2: Foul Ball, location: 23FF
0-2: Ball
1-2: Strikes out looking
Batting: LHB Isaac Petherbridge 0-0: Ball
1-0: Ball
2-0: Foul Ball, location: 7LSF
2-1: Swinging Strike
2-2: Foul Ball, location: 9LMF
2-2: Foul Ball, location: 2F
2-2: Foul Ball, location: 7LSF
2-2: Ball
3-2: Foul Ball, location: 2F
3-2: Strikes out swinging
Top of the 6th over - 0 runs, 0 hits, 0 errors, 0 left on base; ACL Chicago (N) 1 - ACL Kansas City 1
BOTTOM OF THE 6TH
ACL Kansas City Royals batting - Pitching for ACL Chicago (N) Cubs : LHP Dan Hanna
Batting: LHB Sammy Cervantes 0-0: Ball
1-0: Foul Ball, location: 3F
1-1: Swinging Strike
1-2: Strikes out swinging
Batting: RHB Tacito Lombardo 0-0: Ball
1-0: Ball
2-0: Ball
3-0: Base on Balls
Batting: RHB Mike Pruitt 0-0: Ball
1-0: Ball
2-0: Ball
3-0: Base on Balls
Tacito Lombardo to second
Batting: RHB Dave Hewitt 0-0: Ball
Tacito Lombardo steals 3rd base
Mike Pruitt to second
1-0: Foul Ball, location: 2F
1-1: Ball
2-1: SINGLE (Line Drive, 89S, EV 101.9 MPH)
Tacito Lombardo scores
Mike Pruitt to third
Batting: LHB Cal Miner 0-0: Called Strike
0-1: Ball
1-1: Ball
2-1: Called Strike
2-2: Strikes out swinging
Batting: RHB Jermaine Sullivan 0-0: Foul Ball, location: 9LMF
0-1: Foul Ball, location: 2F
0-2: Ball
1-2: Ball
2-2: Strikes out swinging
Bottom of the 6th over - 1 run, 1 hit, 0 errors, 2 left on base; ACL Chicago (N) 1 - ACL Kansas City 2
TOP OF THE 7TH
ACL Chicago (N) Cubs batting - Pitching for ACL Kansas City Royals : RHP Tomás García
Batting: RHB José Valdés 0-0: Foul Ball, location: 5SF
0-1: Swinging Strike
0-2: Ball
1-2: Foul Ball, location: 2F
1-2: Foul Ball, location: 5DF
1-2: Ball
2-2: Strikes out swinging
Pinch Hitting: SHB Ezra Lewis 0-0: Foul Ball, location: 7LSF
0-1: Swinging Strike
0-2: SINGLE (Groundball, 15S, EV 73.1 MPH) (infield hit)
Pitching: RHP Trevor Skiffington
Pinch Hitting: SHB Joe James 0-0: Ball
Ezra Lewis is caught stealing 2nd base 2-6
1-0: Ball
2-0: Swinging Strike
2-1: Ball
3-1: Called Strike
3-2: Foul Ball, location: 7LMF
3-2: Strikes out looking
Top of the 7th over - 0 runs, 1 hit, 0 errors, 0 left on base; ACL Chicago (N) 1 - ACL Kansas City 2
BOTTOM OF THE 7TH
ACL Kansas City Royals batting - Pitching for ACL Chicago (N) Cubs : LHP Dan Hanna
Now at 3B: Von Smith
Now at SS: Joe James
Batting: LHB Abdul-Jalil bin Hilel 0-0: Ball
1-0: Foul Ball, location: 3DF
1-1: Ball
2-1: Ball
3-1: Foul Ball, location: 3FF
3-2: Base on Balls
Batting: RHB Rob Shelton 0-0: Ball
1-0: Called Strike
1-1: Foul Ball, location: 9LMF
1-2: Strikes out swinging
Batting: RHB Jon Ramey 0-0: Called Strike
0-1: Ball
Wild Pitch!
Abdul-Jalil bin Hilel to second
1-1: Ball
2-1: Ball
3-1: Called Strike
3-2: Base on Balls
Batting: LHB Sammy Cervantes 0-0: Foul Ball, location: 9LDF
0-1: Foul Ball, location: 2F
0-2: Ball
1-2: Ball
2-2: Strikes out looking
Batting: RHB Tacito Lombardo 0-0: Called Strike
0-1: Ball
1-1: Foul Ball, location: 7LMF
1-2: Ball
2-2: Foul Ball, location: 25FF
2-2: Foul Ball, location: 2F
2-2: Ball
3-2: Strikes out swinging
Bottom of the 7th over - 0 runs, 0 hits, 0 errors, 2 left on base; ACL Chicago (N) 1 - ACL Kansas City 2
TOP OF THE 8TH
ACL Chicago (N) Cubs batting - Pitching for ACL Kansas City Royals : RHP Trevor Skiffington
Batting: RHB Rob Bland 0-0: Called Strike
0-1: Called Strike
0-2: Strikes out swinging
Batting: LHB Víctor Rodríguez 0-0: Ball
1-0: Ball
2-0: Foul Ball, location: 23F
2-1: Ball
3-1: Foul Ball, location: 2F
3-2: Strikes out swinging
Pinch Hitting: RHB Chet Graves 0-0: Called Strike
0-1: Foul Ball, location: 2F
0-2: Foul Ball, location: 23FF
0-2: Ball
1-2: Ball
2-2: Strikes out swinging
Top of the 8th over - 0 runs, 0 hits, 0 errors, 0 left on base; ACL Chicago (N) 1 - ACL Kansas City 2
BOTTOM OF THE 8TH
ACL Kansas City Royals batting - Pitching for ACL Chicago (N) Cubs : LHP Dan Hanna
Now in LF: Chet Graves
Now in CF: Dave Jones
Batting: RHB Mike Pruitt 0-0: Ball
1-0: Ball
2-0: Ball
3-0: Base on Balls
Batting: RHB Dave Hewitt 0-0: Called Strike
0-1: Ball
1-1: Called Strike
1-2: Ball
2-2: Ball
3-2: Foul Ball, location: 2F
3-2: Foul Ball, location: 5F
3-2: Strikes out swinging
Batting: LHB Cal Miner 0-0: Called Strike
Mike Pruitt steals 2nd base
0-1: Foul Ball, location: 3FF
0-2: Strikes out swinging
Batting: RHB Jermaine Sullivan 0-0: Called Strike
0-1: Foul Ball, location: 2F
0-2: Ball
1-2: Foul Ball, location: 3FF
1-2: Strikes out swinging, 2-3 out at first.
Bottom of the 8th over - 0 runs, 0 hits, 0 errors, 1 left on base; ACL Chicago (N) 1 - ACL Kansas City 2
TOP OF THE 9TH
ACL Chicago (N) Cubs batting - Pitching for ACL Kansas City Royals : RHP Trevor Skiffington
Pitching: RHP Brad Howell
Now at 2B: Manny Castro
Now in LF: Cal Miner
Now in CF: Andy Lyons
Batting: LHB Chris MacGruder 0-0: Called Strike
0-1: Ball
1-1: Swinging Strike
1-2: Ball
2-2: Strikes out swinging
Pinch Hitting: RHB Josh Belcher 0-0: Called Strike
0-1: Swinging Strike
0-2: Foul Ball, location: 25F
0-2: Strikes out looking
Batting: LHB Isaac Petherbridge 0-0: Foul Ball, location: 2RF
0-1: Swinging Strike
0-2: Strikes out swinging
Top of the 9th over - 0 runs, 0 hits, 0 errors, 0 left on base; ACL Chicago (N) 1 - ACL Kansas City 2
Wednesday, May 1st , 2024 - OOTP Baseball 24.10 Build 82